 Dungeon Crawl Stone Soup version 0.20-a0-850-ge5a7832 (webtiles) character file.

122 nikopol the Sneak (level 4, 0/24 HPs)
             Began as a Deep Elf Fire Elementalist on Mar 10, 2017.
             Slain by a bullfrog (7 damage)
             ... on level 4 of the Dungeon.
             The game lasted 00:08:43 (2448 turns).

nikopol the Sneak (Deep Elf Fire Elementalist)      Turns: 2448, Time: 00:08:44

Health: 0/24       AC:  3    Str:  5    XL:     4   Next: 78%
Magic:  1/11       EV: 13    Int: 21    God:
Gold:   157        SH:  5    Dex: 15    Spells: 4/10 levels left

rFire    . . .     SeeInvis .   g - +0 hand axe (curse)
rCold    . . .     Gourm    .   a - +0 robe
rNeg     . . .     Faith    .   w - +2 buckler
rPois    .         Spirit   .   (no helmet)
rElec    .         Reflect  .   (no cloak)
rCorr    .         Harm     .   e - +0 pair of gloves
MR       .....     Rnd*Tele +   (no boots)
Stlth    +++.......             (no amulet)
Regen    0.1/turn               (no ring)
MPRegen  0.2/turn               f - ring of teleportation (curse)

@: very slightly contaminated
A: no striking features
a: no special abilities


You were on level 4 of the Dungeon.
You were hungry.

You visited 1 branch of the dungeon, and saw 4 of its levels.

You collected 157 gold pieces.

Inventory:

Hand Weapons
 g - a cursed +0 hand axe (weapon)
 u - a +1 dagger of speed
Armour
 a - a +0 robe (worn)
 e - a +0 pair of gloves (worn)
 w - a +2 buckler (worn)
Jewellery
 f - a cursed ring of teleportation (left hand)
Scrolls
 d - a scroll of fear {unknown}
 i - a scroll of immolation {unknown}
 j - a scroll of enchant armour {unknown}
 k - a scroll of magic mapping {unknown}
 q - a scroll of identify {unknown}
 s - 2 scrolls of teleportation {unknown}
 t - a scroll of remove curse {unknown}
Potions
 h - 2 potions of heal wounds {unknown}
 l - a potion of agility {unknown}
 m - a potion of brilliance {unknown}
 n - a potion of degeneration {unknown}
 p - 2 potions of curing {unknown}
Books
 b - a book of Flames

   Spells                             Type                      Level
   a - Flame Tongue                   Conjuration/Fire             1
   b - Throw Flame                    Conjuration/Fire             2
   c - Conjure Flame                  Conjuration/Fire             3
   d - Inner Flame                    Hexes/Fire                   3
   e - Sticky Flame                   Conjuration/Fire             4
   f - Fireball                       Conjuration/Fire             5
Comestibles
 c - 2 bread rations
 o - a royal jelly
 v - a meat ration


   Skills:
 + Level 3.5 Dodging
 - Level 4.0 Stealth
 + Level 0.2 Shields
 + Level 3.8 Spellcasting
 + Level 2.0 Conjurations
 + Level 4.0 Fire Magic


You had 4 spell levels left.
You knew the following spells:

 Your Spells              Type           Power        Failure   Level  Hunger
a - Flame Tongue          Conj/Fire      ###..        10%         1    None
b - Throw Flame           Conj/Fire      ###...       12%         2    #......
c - Conjure Flame         Conj/Fire      ###.....     21%         3    ###....


Dungeon Overview and Level Annotations

Branches:
Dungeon (4/15)
 Temple: D:4-7

Altars:
Elyvilon
Xom


Message History

* * * LOW HITPOINT WARNING * * *
The bullfrog misses you.
Casting: Flame Tongue
Confirm with . or Enter, or press ? or * to list all spells.
Aiming: Flame Tongue
Press: ? - help, Shift-Dir - straight line, f/p - bullfrog
Aim: a bullfrog (severely wounded)
The flame tongue misses the bullfrog.
The bullfrog misses you.
Casting: Flame Tongue
Confirm with . or Enter, or press ? or * to list all spells.
You don't have enough magic to cast that spell.
The bullfrog barely misses you.
An orc comes into view.
The bullfrog barely misses you. The bullfrog barely misses you.
Found a stone staircase leading down.
The bullfrog closely misses you. The bullfrog misses you.
The bullfrog hits you!
You die...

######+## ####.$# #
........####....###.####.
........+................
o.......####...#.#######o
o......## ##.##.#
#.....## ####.# ##.r.#
#.# ##+# #F# #@# #.# #>#
#.# #.# ..# ###


You could see a bullfrog.

Vanquished Creatures
  3 adders
  An ooze (D:3)
  3 worms
  5 dart slugs
  5 bats
  2 giant cockroaches
  8 goblins
  9 hobgoblins
  10 jackals
  A quokka (D:3)
  A ball python (D:2)
  3 frilled lizards
  8 kobolds
  A leopard gecko skeleton (D:4)
  8 rats
68 creatures vanquished.

Notes
Turn   | Place    | Note
-------+----------+-------------------------------------------
     0 | D:1      | nikopol the Deep Elf Fire Elementalist began the quest for the Orb.
     0 | D:1      | Reached XP level 1. HP: 10/10 MP: 6/6
   104 | D:1      | Reached XP level 2. HP: 15/15 MP: 4/8
   563 | D:1      | Reached XP level 3. HP: 17/19 MP: 5/9
  1195 | D:2      | Learned a level 2 spell: Throw Flame
  1199 | D:2      | Learned a level 3 spell: Conjure Flame
  1234 | D:2      | Found a white marble altar of Elyvilon.
  1235 | D:2      | Found a shimmering altar of Xom.
  1630 | D:3      | Reached XP level 4. HP: 24/24 MP: 8/11
  1632 | D:3      | Found a white marble altar of Elyvilon.
  2433 | D:4      | Noticed a bullfrog
  2448 | D:4      | Slain by a bullfrog

Vault maps used:
D:1:      mainiacjoe_arrival_reflecting_pool, minmay_distorted
D:2:      grunt_temple_overflow_open
D:3:      first_bread, minmay_misc_feat_diagonals, elyvilon_altar_5
D:4:      kennysheep_generic_room_2, uniq_pikel, uniq_duvessa

Skill      XL: |  1  2  3  4 |
---------------+-------------+-----
Stealth        | 3 4 |  4.0
Dodging        | 3 |  3.5
Conjurations   | 2 |  2.0
Fire Magic     | 4 |  4.0
Shields        | |  0.2
Spellcasting   | |  3.8

Action                   |  1- 3 |  4- 6 || total
-------------------------+-------+-------++-------
Melee: Hand axe          |     1 |     6 ||     7
 Cast: Flame Tongue      |    63 |    45 ||   108
       Throw Flame       |     1 |     9 ||    10
  Eat: Chunk             |     1 |     3 ||     4
Armor: Robe              |     4 |     4 ||     8
Dodge: Dodged            |     7 |    34 ||    41
